 Dungeon Crawl Stone Soup version bcrawl-1.38.1 (webtiles) character file.

Game seed: 6540588025231516889

566544 Morbidden the Grappler (level 15, -2/210 HPs)
             Began as a Troll Archaeologist on Mar 31, 2023.
             Was the Champion of Cheibriados.
             Slain by an alligator (6 damage)
             ... called by a spriggan druid
             ... on level 2 of the Swamp.
             The game lasted 00:47:46 (21430 turns).

Morbidden the Grappler (Troll Archaeologist)       Turns: 21430, Time: 00:47:47

Health: -2/210     AC: 27    Str: 38    XL:     15   Next: 80%
Magic:  19/23      EV:  1    Int: 27    God:    Cheibriados [******]
Gold:   3755       SH: 32    Dex: 31    Spells: 15/26 levels left

rFire    . . .     GDR:     50%   - Branches (48.8)
rCold    . . .     SeeInvis .   f - +10 large shield of Ignorance {rN+ Int-4}
rNeg     + + +     Gourm    +   (armour unavailable)
rPois    +         Faith    .   (helmet currently unavailable)
rElec    .         Spirit   .   (cloak currently unavailable)
rCorr    .         Reflect  .   (gloves unavailable)
MR       ++...     Clarity  +   (boots unavailable) Stlth ++++......NoTele +
                                S - amulet of Rurisocs {Acrobat Slay+6}
HPRegen  1.25/turn              F - ring "Annunappi" {+Blink MR+ Dex+3 Slay+6}
MPRegen  0.18/turn              X - ring of Phasing {EV+8}

@: agile, exhausted, swift, tree-form, very slow
A: giant, almost no armour, fast metabolism 3, gourmand, regeneration 2, AC +11
a: Bend Time, Defer, Temporal Distortion, Step From Time, Renounce Religion,
Evoke Blink


You were on level 2 of the Swamp.
You worshipped Cheibriados.
Cheibriados was exalted by your worship.
You were very full.
You were a tree.
You visited 6 branches of the dungeon, and saw 23 of its levels.
You also visited: Gauntlet and Volcano.

You collected 5163 gold pieces.
You spent 1408 gold pieces at shops.

Inventory:

Hand Weapons
 b - a +1 blowgun
 c - a +4 scimitar of flaming
Missiles
 d - 40 curare-tipped needles
 k - 846 large rocks
 l - 4197 stones (quivered)
 o - 216 poisoned needles
 G - 10 throwing nets {=f}
 I - 180 poisoned tomahawks
 P - 294 javelins
Armour
 f - the +10 large shield of Ignorance (worn) {rN+ Int-4}
   (You acquired it on level 2 of the Dungeon)

   It affects your intelligence (-4).
   It protects you from negative energy.
 g - a +2 hat (melded)
 N - a +1 cloak (melded)
Jewellery
 r - a +6 ring of protection
 F - the ring "Annunappi" (left branch) {+Blink MR+ Dex+3 Slay+6}
   (You found it in a Gauntlet)

   [ring of protection from magic]

   It affects your dexterity (+3).
   It affects your accuracy and damage with ranged weapons and melee attacks
   (+6).
   It affects your resistance to hostile enchantments.
   It lets you blink.
 S - the amulet of Rurisocs (around neck) {Acrobat Slay+6}
   (You acquired it in the Orcish Mines)

   [amulet of the acrobat]

   It helps you evade while moving and waiting.
   It affects your accuracy and damage with ranged weapons and melee attacks
   (+6).
 X - the ring of Phasing (right branch) {EV+8}
   (You found it on level 5 of the Lair of Beasts)

   [ring of evasion]

   It affects your evasion (+8).
Wands
 n - a wand of acid (14)
 t - a wand of flame (16)
 x - a wand of paralysis (10)
 K - a wand of iceblast (10)
 L - a wand of polymorph (11)
 M - a wand of charming (7)
 T - a wand of disintegration (14)
 U - a wand of random effects (8)
Scrolls
 a - 3 scrolls of enchant weapon
 i - 5 scrolls of identify
 p - 8 scrolls of fog
 u - 10 scrolls of remove curse
 y - 2 scrolls of enchant armour
 D - 8 scrolls of teleportation
 Q - a scroll of immolation
 R - a scroll of magic mapping
Potions
 h - a potion of cancellation {unknown}
 j - 4 potions of might
 m - 3 potions of curing
 q - 6 potions of agility
 s - 3 potions of flight
 v - 3 potions of mutation {unknown}
 w - 3 potions of heal wounds {unknown}
 z - 3 potions of haste {unknown}
 A - 2 potions of magic {unknown}
 B - 2 potions of invisibility {unknown}
 C - 7 potions of lignification
 H - 2 potions of brilliance {unknown}
 J - 2 potions of resistance {unknown}
 O - 2 potions of ambrosia {unknown}
Miscellaneous
 V - a sack of spiders
 W - a lamp of fire (inert)
 Y - a lightning rod (inert)
Comestibles
 e - 38 rations {!d}
 E - 6 chunks of flesh


   Skills:
 * Level 7.0 Fighting
   Level 1.0 Maces & Flails
 * Level 8.2 Throwing
 * Level 9.2 Dodging
 + Level 2.9 Stealth
 * Level 9.9 Shields
 * Level 12.7 Unarmed Combat
 * Level 6.0 Spellcasting
 * Level 4.6 Conjurations
 * Level 2.0 Hexes
 * Level 1.2 Transmutations
 * Level 2.0 Earth Magic
 * Level 5.3 Poison Magic
 * Level 4.8 Invocations
 * Level 5.6 Evocations


You had 15 spell levels left.
You knew the following spells:

 Your Spells              Type           Power        Failure   Level  Hunger
a - Sting                 Conj/Pois      ####         14%         1    None
b - Tree Form             Hex/Tmut       N/A          99%         4    ####...
c - Statue Form           Tmut/Erth      ###......    100%        6    #######

Your spell library contained the following spells:

 Spells                   Type           Power        Failure   Level  Hunger
 Magic Dart               Conj           ####         16%         1    None
 Poisonous Vapours        Pois/Air       ###...       47%         2    None
 Mephitic Cloud           Conj/Pois/Air  ####....     63%         3    ##.....
 Spider Form              Tmut/Pois      ###          63%         3    ##.....
 Apportation              Tloc           #.....       71%         1    None
 Blink Other              Tloc           #.....       71%         1    None
 Olgreb's Toxic Radiance  Pois           #####....    75%         4    ####...
 Conjure Flame            Conj/Fire      ###.....     77%         3    ##.....
 Ignite Poison            Fire/Tmut/Pois ###.....     77%         3    ##.....
 Blink                    Tloc           N/A          83%         2    None
 Call Imp                 Summ           #.....       83%         2    None
 Portal Projectile        Tloc           #.....       97%         3    ##.....
 Teleport Other           Tloc           #.......     97%         3    ##.....
 Summon Scorpions         Summ/Pois      ###.....     98%         4    ####...
 Venom Bolt               Conj/Pois      ####......   98%         5    #####..
 Passage of Golubria      Tloc           N/A          100%        5    #####..
 Dragon Form              Tmut           ##.....      100%        7    #######
 Necromutation            Tmut/Necr      ##......     100%        8    #######


Dungeon Overview and Level Annotations

Branches:
Dungeon (12/12)            Temple (1/1) D:7            Lair (6/6) D:9
  Swamp (2/3) Lair:2       Shoals (1/3) Lair:2        Slime (0/5) Lair:5
    Orc (1/1) D:9             Elf (0/3) Orc          Vaults (0/3) D:12
 Depths (0/5) D:12

Altars:
Ashenzari
Cheibriados
Dithmenos
Elyvilon
Fedhas
Gozag
Hepliaklqana
Kikubaaqudgha
Lugonu
Makhleb
Nemelex Xobeh
Okawaru
Qazlal
Ru
Sif Muna
Trog
Uskayaw
Vehumet
Wu Jian
Xom
Yredelemnul
Zin
The Shining One
Jiyva

Shops:
D:5 ?   D:7 !   D:9 (   D:12 :   Orc %[*:(

Annotations:
D:8 3 runed translucent doors, zoran's ghost, novice OpRg


Innate Abilities, Weirdness & Mutations

You cannot wear most types of armour.
((Your thick skin is tough. (AC +11)))
You are too large for most types of armour.
((You have claws for hands.))
Your metabolism is lightning-fast.
You like to eat raw meat.
You heal very quickly.


Message History

No path to travel!
Okay, then.
It was a potion of lignification.
You turn into a tree.
Your +1 cloak melds into your body.
Your +2 hat melds into your body.
Your roots penetrate the ground.
The tyrant leech no longer looks unusually strong.
You block the spriggan's attack.
The five-headed hydra bites you but does no damage.
You block the five-headed hydra's attack.
The five-headed hydra bites you but does no damage. x2
The five-headed hydra bites you!
* * * LOW HITPOINT WARNING * * *
The spriggan rider is engulfed in blazing flames.
You kill the hornet!
Cheibriados thoroughly appreciates the change of pace.
The spriggan falls from its now dead mount.
The spriggan hits you with a +0 spear.
* * * LOW HITPOINT WARNING * * *
You block the alligator's attack. The alligator tail-slaps you.
You die...

♣.≈♣♣≈♣♣♣.≈≈.♣♣
♣..♣.≈.♣≈.≈≈♣♣
♣♣♣♣.<♣♣...≈≈♣♣♣
♣≈≈♣♣≈♣♣...♣♣♣
≈≈≈≈♣♣♣..≈..♣♣♣♣
≈≈≈≈≈♣♣§≈≈≈..≈.♣♣
♣≈≈≈♣≈♣♣.≈≈..≈..♣
≈♣♣≈≈§wt≈≈♣..≈.♣♣
§§§§§§i♣i♣♣♣.♣♣♣
.≈≈≈.≈D♣♣♣ ♣♣♣
.≈♣.♣≈♣ ♣ ♣♣


You could see an alligator, a five-headed hydra, a tyrant leech and 2 spriggans.

Vanquished Creatures
  An ironheart preserver (D:12)
  2 stone giants
  Nessos (Orc)
  A minotaur (Gauntlet)
  3 ettins (Orc)
  2 rakshasas (D:12)
  Harold (D:12)
  9 hydras
  A great orb of eyes (Gauntlet)
  9 alligators
  A two-headed ogre (D:12)
  A death yak (Gauntlet)
  3 tengu warriors
  2 centaur warriors
  A death drake (Swamp:1)
  A glowing orange brain (D:12)
  3 spriggan druids
  2 swamp dragons (Swamp:2)
  4 unseen horrors
  12 cyclopes
  3 harpies (Lair:2)
  Pikel (D:3)
  2 orc knights
  2 wolf spiders
  A manticore (D:11)
  7 ugly things
  A moth of wrath (shapeshifter) (D:12)
  3 slime creatures (D:12)
  A deep elf mage (D:11)
  A moth of wrath (Lair:2)
  An elephant (D:9)
  12 black mambas
  A guardian serpent (shapeshifter) (D:12)
  A black mamba (shapeshifter) (D:12)
  A torpor snail (Gauntlet)
  20 cane toads
  A guardian serpent (Lair:6)
  5 gargoyles
  A kobold demonologist (D:10)
  12 rime drakes
  A freezing wraith (D:9)
  An efreet (Volcano)
  7 komodo dragons
  A tengu conjurer (D:12)
  A wolf spider simulacrum (D:12)
  3 tyrant leeches
  5 polar bears
  Maurice (D:11)
  Prince Ribbit (D:8)
  7 hornets
  11 blink frogs
  3 trolls
  2 harpy skeletons (D:12)
  A bog body (Swamp:2)
  6 dream sheep (Lair:4)
  7 hippogriffs
  A meliai zombie (D:12)
  4 shadows (Gauntlet)
  11 wyverns
  9 spriggans
  Sigmund (D:4)
  5 vampire mosquitoes
  8 fire bats (Volcano)
  5 basilisks
  19 yaks
  9 steam dragons (Lair:5)
  4 hungry ghosts
  4 redbacks (Lair:6)
  2 wargs (Orc)
  14 swamp worms
  2 acid dragons
  5 porcupines
  13 crocodiles
  22 water moccasins
  7 swamp drakes
  A soldier ant (D:10)
  2 sky beasts
  2 ice beasts
  13 orc warriors
  3 black bears (Lair:1)
  4 phantoms
  4 boggarts (Swamp:2)
  8 ogres
  13 wolves
  2 kobold brigands (D:10)
  11 bullfrogs
  2 gnoll sergeants (D:10)
  An earth elemental (Volcano)
  8 centaurs
  2 scorpions
  14 killer bees
  3 howler monkeys (D:11)
  5 orc priests
  5 crimson imps
  9 lava snakes (Volcano)
  A quasit (D:5)
  9 hounds
  4 jellies
  3 gnoll shamans
  4 bullfrog skeletons
  Terence (D:2)
  Jessica (D:2)
  2 iguanas
  Natasha (thrice) (D:4)
  13 orc wizards
  11 worker ants
  A hound skeleton (D:5)
  A worker ant zombie (D:7)
  Robin (D:4)
  24 gnolls
  15 adders
  2 shadow imps
  2 adder zombies
  An adder skeleton (D:6)
  6 worms
  2 dart slugs
  6 leopard geckos
  56 orcs
  9 bats
  4 giant cockroaches
  6 goblins
  9 hobgoblins
  17 jackals
  7 kobolds
  2 quokkas (D:8)
  2 ball pythons
  4 frilled lizards
  A quokka skeleton (D:6)
  3 rats (D:1)
  A butterfly (D:11)
  A fungus (Orc)
  A plant (Lair:2)
688 creatures vanquished.

Vanquished Creatures (others)
  A wyvern (Lair:5)
  A steam dragon (Lair:5)
  4 bushes (D:11)
  25 fungi
  25 plants
56 creatures vanquished.

Grand Total: 744 creatures vanquished

Notes
Turn   | Place    | Note
-------+----------+-------------------------------------------
     0 | D:1      | Morbidden the Troll Archaeologist began the quest for the
                  | Orb.
     0 | D:1      | Reached XP level 1. HP: 18/18 MP: 0/0
   105 | D:1      | Reached XP level 2. HP: 26/26 MP: 1/1
   274 | D:1      | Reached skill level 1 in Unarmed Combat
   295 | D:1      | Reached XP level 3. HP: 13/32 MP: 2/2
   890 | D:2      | Reached skill level 1 in Fighting
   965 | D:2      | Gained mutation: Your natural rate of healing is unusually
                  | fast. [Troll growth]
   965 | D:2      | Reached XP level 4. HP: 38/41 MP: 3/3
  1143 | D:2      | Noticed Jessica
  1148 | D:2      | Killed Jessica
  1149 | D:2      | Reached skill level 1 in Throwing
  1149 | D:2      | Reached skill level 2 in Unarmed Combat
  1228 | D:2      | Noticed Terence
  1240 | D:2      | Killed Terence
  1255 | D:2      | Reached XP level 5. HP: 48/48 MP: 4/4
  1255 | D:2      | Identified a scroll of acquirement
  1255 | D:2      | Identified the +8 demon trident "Qotomin" {venom, *Rage MR-
                  | Str+8 Int+6} (You acquired it on level 2 of the Dungeon)
  1255 | D:2      | Identified the ring of Cofioth {+Blink Str+9 Int-4 Dex+3
                  | Slay-4} (You acquired it on level 2 of the Dungeon)
  1256 | D:2      | Found the +10 large shield of Ignorance {rN+ Int-4}
  1796 | D:3      | Got a glittering silver amulet
  1797 | D:3      | Identified the cursed amulet of Knowledge {Inacc Stlth+}
                  | (You found it on level 3 of the Dungeon)
  1817 | D:3      | Noticed a sky beast
  1840 | D:3      | Killed a sky beast
  1841 | D:3      | Reached skill level 3 in Unarmed Combat
  2142 | D:3      | Reached XP level 6. HP: 55/55 MP: 6/6
  2474 | D:3      | Reached skill level 1 in Shields
  2488 | D:3      | Found a bloodstained altar of Trog.
  2548 | D:3      | Found a sacrificial altar of Ru.
  2577 | D:4      | Noticed Pikel
  2577 | D:4      | Noticed a slave
  2577 | D:4      | Noticed a slave
  2577 | D:4      | Noticed Robin
  2578 | D:4      | Noticed a slave
  2578 | D:4      | Noticed a slave
  2603 | D:3      | Reached skill level 1 in Spellcasting
  2616 | D:3      | Killed Pikel
  2617 | D:3      | Reached skill level 4 in Unarmed Combat
  2617 | D:3      | Reached skill level 1 in Evocations
  2617 | D:3      | Reached XP level 7. HP: 56/65 MP: 6/8
  2636 | D:4      | Killed Robin
  2673 | D:4      | Noticed Natasha
  2686 | D:4      | Killed Natasha
  2929 | D:4      | Noticed Sigmund
  2938 | D:4      | Killed Sigmund
  2939 | D:4      | Reached skill level 5 in Unarmed Combat
  2939 | D:4      | Reached XP level 8. HP: 74/74 MP: 9/9
  2991 | D:4      | Noticed Natasha
  3006 | D:4      | Killed Natasha
  3061 | D:4      | Noticed Natasha
  3086 | D:4      | Killed Natasha
  3144 | D:5      | Entered Level 5 of the Dungeon
  3193 | D:5      | Found Pudoh's Magic Scroll Shoppe.
  3197 | D:5      | Bought a scroll of teleportation for 33 gold pieces
  4418 | D:6      | Reached XP level 9. HP: 79/80 MP: 11/11
  4773 | D:6      | Reached skill level 6 in Unarmed Combat
  5085 | D:7      | Found Uqeosa's Distillery.
  5094 | D:7      | Bought a potion of berserk rage for 39 gold pieces
  5487 | D:7      | Found a staircase to the Ecumenical Temple.
  5522 | Temple   | Entered the Ecumenical Temple
  6008 | Temple   | Became a worshipper of Cheibriados the Contemplative
  6336 | D:7      | Reached * piety under Cheibriados
  6657 | D:8      | Reached skill level 5 in Dodging
  6697 | D:8      | Noticed Prince Ribbit
  6706 | D:8      | Killed Prince Ribbit
  6707 | D:8      | Reached skill level 5 in Shields
  6707 | D:8      | Reached skill level 7 in Unarmed Combat
  6840 | D:8      | Reached XP level 10. HP: 91/91 MP: 13/13
  7005 | D:8      | Noticed a centaur warrior
  7081 | D:8      | Reached ** piety under Cheibriados
  7174 | D:8      | Found a runed translucent gate.
  7174 | D:8      | Found a runed translucent gate.
  7175 | D:8      | Found a runed translucent gate.
  7177 | D:8      | Noticed zoran's ghost (novice OpRg)
  7259 | D:8      | Found an ornate altar of the Wu Jian Council.
  7274 | D:8      | Killed a centaur warrior
  7553 | D:8      | Noticed a gargoyle
  7562 | D:8      | Killed a gargoyle
  8169 | D:9      | Found a staircase to the Lair.
  8169 | D:9      | Noticed an elephant
  8274 | D:9      | Found a staircase to the Orcish Mines.
  8280 | D:9      | Found Zexoitt's Weapon Boutique.
  8325 | D:9      | Got a shimmering steel ring
  8328 | D:9      | Identified the cursed ring "Jotioss" {SInv Stlth--} (You
                  | found it on level 9 of the Dungeon)
  8477 | D:9      | Reached skill level 8 in Unarmed Combat
  8778 | D:9      | Killed an elephant
  8934 | D:8      | Killed an unseen horror
  8934 | D:8      | Reached *** piety under Cheibriados
  9102 | Lair:1   | Entered Level 1 of the Lair of Beasts
  9102 | Lair:1   | Noticed a cane toad
  9113 | Lair:1   | Killed a cane toad
  9114 | Lair:1   | Reached XP level 11. HP: 100/100 MP: 15/15
  9897 | Lair:2   | Found a dark tunnel.
  9906 | Volcano  | Entered a volcano
  9938 | Volcano  | Reached **** piety under Cheibriados
 10129 | Volcano  | Reached skill level 9 in Unarmed Combat
 10218 | Volcano  | Reached skill level 5 in Throwing
 10224 | Volcano  | Found a burning altar of Makhleb.
 10225 | Volcano  | Noticed a stone giant
 10236 | Volcano  | Killed a stone giant
 10236 | Volcano  | Reached ***** piety under Cheibriados
 10528 | Lair:2   | Learned a level 1 spell: Sting
 10593 | Lair:2   | Gained mutation: You heal very quickly. [Troll growth]
 10593 | Lair:2   | Reached XP level 12. HP: 110/110 MP: 17/17
 10611 | Lair:2   | Noticed a six-headed hydra
 10615 | Lair:2   | Noticed a four-headed hydra
 10621 | Lair:2   | Killed a seven-headed hydra
 10663 | Lair:2   | Got a bloodstained long sword
 10699 | Lair:2   | Found a runed door.
 10752 | Lair:2   | Found a staircase to the Shoals.
 10791 | Lair:2   | Killed a four-headed hydra
 10792 | Lair:2   | Reached skill level 5 in Fighting
 10796 | Lair:2   | Reached skill level 1 in Poison Magic
 10822 | Lair:2   | Reached skill level 1 in Conjurations
 10838 | Lair:2   | Found a staircase to the Swamp.
 11502 | Lair:2   | Found a staircase to the Shoals.
 11508 | Shoals:1 | Entered Level 1 of the Shoals
 11508 | Shoals:1 | Noticed an alligator snapping turtle
 11538 | Lair:2   | Found a staircase to the Swamp.
 13023 | Lair:4   | Reached skill level 10 in Unarmed Combat
 13954 | Lair:5   | Reached ****** piety under Cheibriados
 14071 | Lair:5   | Noticed an eight-headed hydra
 14076 | Lair:5   | Killed an eight-headed hydra
 14084 | Lair:5   | Reached XP level 13. HP: 109/119 MP: 18/18
 14212 | Lair:5   | Reached skill level 1 in Invocations
 14384 | Lair:5   | Found the ring of Phasing {EV+8}
 14388 | Lair:5   | Got a jewelled mace
 14484 | Lair:5   | Got a crude arbalest
 14642 | Lair:5   | Found a viscous altar of Jiyva.
 14662 | Lair:5   | Found a staircase to the Slime Pits.
 14935 | Lair:6   | Entered Level 6 of the Lair of Beasts
 14986 | Lair:6   | Found a gate leading to a gauntlet.
 14990 | Gauntlet | Entered a Gauntlet
 14990 | Gauntlet | Found a transporter.
 14990 | Gauntlet | Found a transporter.
 14994 | Gauntlet | Found a transporter.
 14995 | Gauntlet | Found a transporter.
 14998 | Gauntlet | Found a transporter.
 14998 | Gauntlet | Found a transporter.
 15009 | Gauntlet | Found a transporter.
 15012 | Gauntlet | Found a transporter.
 15012 | Gauntlet | Found a transporter.
 15013 | Gauntlet | Found a transporter.
 15023 | Gauntlet | Found a transporter.
 15026 | Gauntlet | Found a transporter.
 15221 | Gauntlet | Got a coiled granite ring
 15224 | Gauntlet | Identified the ring "Annunappi" {+Blink MR+ Dex+3 Slay+6}
                  | (You found it in a Gauntlet)
 15254 | Gauntlet | Got an ancient amethyst amulet
 15255 | Gauntlet | Identified the amulet of Nubbylec {Inacc rPois rC+ Str-5
                  | Stlth+} (You found it in a Gauntlet)
 15494 | Gauntlet | Noticed a minotaur
 15500 | Gauntlet | Killed a minotaur
 15501 | Gauntlet | Reached skill level 11 in Unarmed Combat
 15506 | Gauntlet | Identified the +5 hunting sling of a ziggurat {flame, rN++
                  | Int+2 SInv} (You acquired it in a Gauntlet)
 15832 | Lair:6   | Reached XP level 14. HP: 130/130 MP: 20/20
 16209 | Lair:6   | Found the +0 pair of fencer's gloves {Riposte Dex+6}
 16885 | D:10     | Entered Level 10 of the Dungeon
 17065 | D:10     | Reached skill level 5 in Spellcasting
 17154 | D:10     | Identified the +0 robe "Dant" {rF++ MR-}
 17193 | D:10     | Identified the +0 flail of Nedoim {holy, *Rage rF+ rC+}
 17752 | D:11     | Noticed Maurice
 17767 | D:11     | Killed Maurice
 17792 | D:11     | Reached skill level 5 in Evocations
 17878 | D:11     | Identified the +0 hat of Distant Worlds {*Slow rElec rF-
                  | Str+8} (You acquired it on level 11 of the Dungeon)
 17878 | D:11     | Identified the Incunabulum of Evil Enhancements (You
                  | acquired it on level 11 of the Dungeon)
 18018 | D:11     | Found a blossoming altar of Fedhas.
 18437 | D:12     | Entered Level 12 of the Dungeon
 18671 | D:12     | Noticed Harold
 18685 | D:12     | Killed Harold
 18723 | D:12     | Found Uzay's Book Shoppe.
 18742 | D:12     | Found a snail-covered altar of Cheibriados.
 18938 | D:12     | Reached skill level 12 in Unarmed Combat
 19144 | D:12     | Found a staircase to the Depths.
 19255 | D:12     | Found a gate to the Vaults.
 19255 | D:12     | Noticed an ironheart preserver
 19263 | D:12     | Killed an ironheart preserver
 19373 | D:12     | Reached XP level 15. HP: 137/139 MP: 22/22
 19554 | Orc      | Entered the Orcish Mines
 19554 | Orc      | Noticed Nessos
 19558 | Orc      | Killed Nessos
 19580 | Orc      | Found Jouqidui's Antique Weapon Boutique.
 19742 | Orc      | Found Ubbaf's Book Emporium.
 19794 | Orc      | Bought a book of Transfigurations for 660 gold pieces
 19799 | Orc      | Learned a level 4 spell: Tree Form
 19806 | Orc      | Learned a level 6 spell: Statue Form
 19819 | Orc      | Found Feruty's General Store.
 19830 | Orc      | Reached skill level 5 in Poison Magic
 19870 | Orc      | Bought a scroll of acquirement for 676 gold pieces
 19870 | Orc      | Identified the +7 fustibalus "Gipnud" {flame, rN+ MR- Str+3
                  | SInv} (You acquired it in the Orcish Mines)
 19870 | Orc      | Identified the amulet of Rurisocs {Acrobat Slay+6} (You
                  | acquired it in the Orcish Mines)
 20010 | Orc      | Found Jageddo's Antique Armour Shoppe.
 20095 | Orc      | Found a staircase to the Elven Halls.
 20139 | Orc      | Found Umaas's Food Emporium.
 20403 | Swamp:1  | Entered Level 1 of the Swamp
 20559 | Swamp:1  | Reached skill level 1 in Earth Magic
 20653 | Swamp:1  | Reached skill level 1 in Hexes
 21145 | Swamp:1  | Reached skill level 1 in Transmutations
 21430 | Swamp:2  | HP: 7/210 [five-headed hydra[a spriggan druid] (7)]
 21430 | Swamp:2  | Slain by an alligator

Skill      XL: |  1  2  3  4  5  6  7  8  9 10 11 12 13 14 15 |
---------------+----------------------------------------------+-----
Unarmed Combat | 1 2 3 4 5 7 8 9 10 11 12 | 12.7
Dodging        | 3 4 5 6 7 8 9 |  9.2
Fighting       | 1 2 3 4 5 6 7 |  7.0
Throwing       | 1 2 3 4 5 6 7 8 |  8.2
Stealth        | 2 |  2.9
Shields        | 2 3 5 6 7 8 9 |  9.9
Spellcasting   | 1 2 3 4 5 6 |  6.0
Evocations     | 1 2 3 4 5 |  5.6
Poison Magic   | 2 3 4 5 |  5.3
Conjurations   | 2 4 |  4.6
Invocations    | 2 4 |  4.8
Earth Magic    | 2 |  2.0
Hexes          | 2 |  2.0
Transmutations | 1 |  1.2
Maces & Flails | |  1.0

Action                   |  1- 3 |  4- 6 |  7- 9 | 10-12 | 13-15 || total
-------------------------+-------+-------+-------+-------+-------++-------
Melee: Unarmed           |   141 |   173 |   437 |   670 |   876 ||  2297
 Fire: Blowgun           |       |     1 |     1 |       |       ||     2
Throw: Large rock        |       |     2 |       |    10 |     3 ||    15
       Stone             |       |    10 |    32 |   142 |   316 ||   500
       Tomahawk          |       |       |       |       |     2 ||     2
       Javelin           |       |       |       |       |    44 ||    44
 Cast: Sting             |       |       |       |       |     1 ||     1
Invok: Temporal Distorti |       |       |       |       |     1 ||     1
Evoke: Wand              |       |       |     2 |    12 |       ||    14
       Lamp of fire      |       |       |       |       |     2 ||     2
       Lightning rod     |       |       |       |       |     4 ||     4
  Use: Scroll            |     2 |     2 |     1 |     9 |    23 ||    37
       Potion            |       |       |     1 |     1 |     4 ||     6
 Stab: Sleeping          |     4 |     2 |     3 |     3 |     6 ||    18
       Distracted        |       |       |       |       |     2 ||     2
       Confused          |       |       |       |       |     2 ||     2
  Eat: Chunk             |    15 |    15 |    42 |    56 |    66 ||   194
Armor: Skin              |    85 |    39 |   158 |   216 |   129 ||   627
Dodge: Dodged            |   113 |     4 |    50 |   170 |   391 ||   728
Block: Large shield      |       |   135 |   526 |   984 |  1347 ||  2992
